 Dungeon Crawl Stone Soup version 0.21.1-1-g345015f (webtiles) character file.

22 StigmataCrucible the Charmwright (level 2, -6/22 HPs)
             Began as a Merfolk Skald on May 3, 2018.
             Mangled by Sigmund
             ... wielding a +2 scythe of protection
              (12 damage)
             ... on level 2 of the Dungeon.
             The game lasted 00:10:35 (886 turns).

StigmataCrucible the Charmwright (Merfolk Skald)     Turns: 886, Time: 00:10:36

Health: -6/22      AC:  3    Str: 11    XL:     2   Next: 91%
Magic:  5/5        EV: 12    Int: 12    God:
Gold:   66         SH:  3    Dex: 13    Spells: 2/5 levels left

rFire    . . .     SeeInvis .   a - +0 falchion
rCold    . . .     Gourm    .   l - +0 buckler
rNeg     + . .     Faith    .   b - +0 leather armour
rPois    .         Spirit   .   (no helmet)
rElec    .         Reflect  .   (no cloak)
rCorr    .         Harm     .   (no gloves)
MR       .....                  (no boots)
Stlth    +.........             (no amulet)
HPRegen  0.07/turn              e - ring of positive energy
MPRegen  0.09/turn              (no ring)

@: no status effects
A: change form in water, swift swim, stealthy swim
a: no special abilities


You were on level 2 of the Dungeon.
You were not hungry.

You visited 1 branch of the dungeon, and saw 2 of its levels.

You collected 66 gold pieces.

Inventory:

Hand Weapons
 a - a +0 falchion (weapon)
 h - a +0 mace
Missiles
 f - 36 stones (quivered)
Armour
 b - a +0 leather armour (worn)
 j - a +0 scale mail
 l - a +0 buckler (worn)
Jewellery
 e - a ring of positive energy (left hand)
Scrolls
 i - 2 scrolls of remove curse
 m - a scroll of identify
 n - a scroll of teleportation
 o - a scroll of amnesia
Potions
 g - a potion of haste
 k - a potion of cancellation
 p - a potion of heal wounds {unknown}
Books
 c - a book of Battle

   Spells                             Type                      Level
   a - Infusion                       Charms                       1
   b - Shroud of Golubria             Charms/Translocation         2
   c - Song of Slaying                Charms                       2
   d - Spectral Weapon                Hexes/Charms                 3
   e - Regeneration                   Charms/Necromancy            3
Comestibles
 d - 3 rations


   Skills:
 + Level 2.2 Fighting
 + Level 2.7 Long Blades
 + Level 0.8 Armour
 + Level 3.0 Dodging
 + Level 0.1 Stealth
 + Level 2.1 Spellcasting
 + Level 3.7 Charms


You had 2 spell levels left.
You knew the following spells:

 Your Spells              Type           Power        Failure   Level  Hunger
a - Infusion              Chrm           ##..         13%         1    ##.....
b - Song of Slaying       Chrm           ##......     19%         2    ###....


Dungeon Overview and Level Annotations

Branches:
Dungeon (2/15)

Altars:

Annotations:
D:2 Sigmund


Message History

You closely miss the hobgoblin.
The hobgoblin is lightly wounded.
The hobgoblin closely misses you. Something barely misses you.
You're too inexperienced to learn that spell!
Memorise Shroud of Golubria, consuming 2 spell levels and leaving 0?
Okay, then.
Unknown command.
Casting: Song of Slaying
Confirm with . or Enter, or press ? or * to list all spells.
You don't know that spell.
Casting: Song of Slaying
Confirm with . or Enter, or press ? or * to list all spells.
You don't know that spell.
Memorise Shroud of Golubria, consuming 2 spell levels and leaving 0?
The hobgoblin hits you with a club.
Your memorisation is interrupted.
* * * LOW HITPOINT WARNING * * *
Your shield prevents you from hitting the hobgoblin.
The hobgoblin barely misses you. Something hits you!
Ouch! That really hurt!
You die...

..............#
...............#.##..
.........††..<.#.....
..............(.....#
................##..#
......#......### #
##....#..#....###
####.##.##.....##.#
#.@g...........#
####.##..........
#.........?...
##..$.........
#............
#............
#............
#............


You could see a hobgoblin.

Vanquished Creatures
  A worm (D:2)
  3 bats (D:1)
  2 giant cockroaches
  4 goblins (D:1)
  4 hobgoblins
  2 frilled lizards (D:1)
  A kobold (D:2)
17 creatures vanquished.

Notes
Turn   | Place    | Note
-------+----------+-------------------------------------------
     0 | D:1      | StigmataCrucible the Merfolk Skald began the quest for the Orb.
     0 | D:1      | Reached XP level 1. HP: 16/16 MP: 3/3
   165 | D:1      | Reached XP level 2. HP: 15/22 MP: 5/5
   169 | D:1      | Learned a level 2 spell: Song of Slaying
   198 | D:1      | Learned a level 2 spell: Shroud of Golubria
   872 | D:2      | Noticed Sigmund
   886 | D:2      | Mangled by Sigmund

Skill      XL: |  1  2 |
---------------+-------+-----
Dodging        | 3 |  3.0
Fighting       | |  2.2
Long Blades    | |  2.7
Armour         | |  0.8
Stealth        | |  0.1
Spellcasting   | |  2.1
Charms         | |  3.7

Action                   || total
-------------------------++-------
Melee: Falchion          ||    54
 Cast: Infusion          ||     1
       Song of Slaying   ||     1
  Use: Scroll            ||     6
       Potion            ||     1
Armor: Leather armour    ||    12
Dodge: Dodged            ||    52
Block: Buckler           ||     8
       Rpst.: Falchion   ||    24
